Map: Shipwrecked LE

Players

leo

  • Race: Terran Terran
  • Spawn Location: 5:00

SPOILED

  • Race: Terran Terran
  • League: Diamond
  • Spawn Location: 3:00

Saakyan

  • Race: Terran Terran
  • League: Gold
  • Spawn Location: 5:00

Dvoechka

  • Race: Protoss Protoss
  • League: Bronze
  • Spawn Location: 6:00

ivan

  • Race: Terran Terran
  • League: Gold
  • Spawn Location: 11:00

somik

  • Race: Terran Terran
  • Spawn Location: 12:00

Nigrnog

  • Race: Zerg Zerg
  • League: Gold
  • Spawn Location: 9:00

MooEsqoo

  • Race: Protoss Protoss
  • Spawn Location: 9:00

VOD

Have the link to the VOD?

Description

Time

  • Played on: Jan. 26, 2020, 12:48 p.m.
  • Length: 22:31
Show
View Real Time Build Order
Export as new Build Order

leo Terran 

Build Orders: Banshee Rush 

Get SALT Encoding   

  12  0:03  SCV  
  13  0:15  SCV  
  14  0:27  Supply Depot  
  14  0:33  SCV  
  15  0:37  Refinery  
  15  0:44  Refinery  
  15  0:50  Barracks  
  15  0:58  SCV  
  16  1:10  SCV  
  17  1:22  SCV  
  18  1:34  SCV  
  18  1:35  Supply Depot  
  19  1:46  SCV, Factory  
  20  1:48  Barracks Tech Lab  
  20  2:07  Bunker  
  20  2:11  SCV  
  21  2:18  Marine  
  22  2:24  Orbital Command  
  22  2:42  Starport  
  22  2:51  SCV  
  22  2:52  Factory Tech Lab  
  23  3:00  Starport  
  23  3:03  SCV  
  23  3:05  Marine  
  25  3:18  SCV  
  26  3:23  Banshee  
  26  3:25  Hyperflight Rotors  
  29  3:32  SCV  
  30  3:42  Supply Depot  
  30  3:45  Cloaking Field  
  30  3:49  SCV  
  30  3:55  Supply Depot  
  31  4:04  SCV, Widow Mine  
  31  4:06  Engineering Bay  
  31  4:09  Banshee  
  37  4:21  Banshee  
  37  4:23  SCV  
  41  4:35  SCV  
  42  4:57  Banshee  
  45  5:11  Missile Turret  
  45  5:15  Supply Depot  
  45  5:18  Supply Depot  
  47  5:21  Hellion  
  47  5:36  Marine, Banshee  
  47  5:40  Banshee  
  54  5:54  Marine  
  55  6:09  Supply Depot, Missile Turret  
  55  6:12  Marine  
  56  6:19  Banshee  
  56  6:22  Banshee  
  62  6:30  Marine  
  62  6:32  Command Center  
  63  6:35  Supply Depot  
  63  6:36  Refinery  
  63  6:44  SCV  
  64  6:51  Barracks Reactor  
  64  6:52  Refinery  
  64  6:57  SCV  
  65  7:02  Banshee, Factory Tech Lab  
  65  7:05  Banshee, Hi-Sec Auto Tracking  
  71  7:09  Missile Turret  
  71  7:44  Banshee  
  71  7:48  Banshee  
  77  8:27  Banshee  
  56  9:18  Orbital Command  
  56  9:25  SCV  
  56  9:29  Banshee x2  
  63  9:37  SCV  
  64  9:40  Starport  
  64  9:45  Armory  
  64  9:47  Armory  
  64  9:49  SCV  
  64  9:50  SCV  
  66  9:58  Supply Depot  
  66  10:01  SCV  
  67  10:12  Banshee  
  70  10:19  Supply Depot, Starport  
  55  10:45  Starport Tech Lab  
  55  10:47  Thor  
  61  10:51  Marine x2  
  61  10:54  SCV x2  
  61  10:55  Neosteel Armor  
  65  10:57  Terran Ship Weapons Level 1  
  65  10:59  Terran Vehicle And Ship Armor Level 1  
  65  11:06  SCV  
  65  11:09  Marine x2  
  62  11:26  Marine x2  
  62  11:32  Missile Turret x2, Fusion Core  
  64  11:34  Missile Turret, Widow Mine  
  66  11:41  Command Center  
  66  11:43  Viking x3  
  66  11:44  Marine  
  73  11:52  Barracks  
  73  11:55  Refinery  
  73  11:56  Widow Mine  
  75  12:13  Viking  
  77  12:17  SCV x2, Widow Mine  
  81  12:26  Refinery  
  81  12:32  Battlecruiser x2  
  81  12:35  Terran Infantry Weapons Level 1  
  93  12:38  Widow Mine  
  93  12:40  Barracks Tech Lab  
  84  13:09  Missile Turret  
  84  13:13  Marine x3  
  84  13:15  Widow Mine  
  84  13:18  Battlecruiser  
  95  13:31  Marine x3  
  98  13:36  Widow Mine  
  98  13:40  Missile Turret  
  100  13:45  Command Center  
  100  13:46  SCV  
  100  13:47  SCV  
  102  14:09  SCV x2  
  104  14:18  Terran Ship Weapons Level 2  
  104  14:20  Terran Vehicle And Ship Armor Level 2  
  104  14:21  SCV x2  
  104  14:23  Weapon Refit  
  106  14:28  Starport Tech Lab  
  106  14:36  Supply Depot x3  
  106  14:38  Supply Depot x2  
  106  14:43  Barracks Tech Lab  
  106  15:07  Missile Turret  
  106  15:08  Marine  
  106  15:09  Missile Turret, Marine x2  
  109  15:16  Factory  
  109  15:21  Planetary Fortress  
  109  15:26  Marine x2  
  109  15:27  Marine  
  109  15:28  SCV x2  
  114  15:31  Missile Turret x2  
  114  15:40  SCV x2  
  116  15:43  Battlecruiser x2  
  116  15:44  Marine  
  129  15:55  Combat Shield  
  127  16:28  Marine x2  
  127  16:29  Marine  
  122  16:46  Marine  
  117  16:53  Battlecruiser x3  
  135  17:14  Stimpack  
  133  17:36  Marine x3  
  136  17:38  Widow Mine  
  136  17:44  Battlecruiser  
  144  17:53  Marine  
  144  17:54  Marine x2  
  144  17:56  Command Center  
  144  17:57  Battlecruiser  
  147  17:59  Widow Mine  
  147  18:00  Refinery  
  147  18:01  Refinery  
  110  18:11  Marine  
  111  18:18  Battlecruiser  
  111  18:19  Factory Reactor  
  114  18:21  Widow Mine  
  113  19:07  Widow Mine x3  
  119  19:10  Orbital Command  
  119  19:28  Widow Mine  
  119  19:30  Battlecruiser x2  
  133  20:08  Marine x3  
  133  20:13  Advanced Ballistics  
  136  20:17  Terran Infantry Armor Level 1  
  134  20:26  Marine x3  
  134  20:27  Widow Mine x3  
  137  20:30  Drilling Claws  
  137  20:44  Marine x2  
  137  20:48  SCV  
  140  20:55  Widow Mine x3  
  146  21:00  SCV, Marine  
  146  21:01  Marine  
  146  21:02  Marine  
  150  21:12  SCV  
  150  21:14  Battlecruiser x2  
  150  21:16  Widow Mine x2  
  150  21:18  Marine  
  167  21:24  SCV  
  169  21:37  SCV  
  170  21:55  Widow Mine x3  
Show
View Real Time Build Order
Export as new Build Order

SPOILED Terran 

Build Orders:  

Get SALT Encoding   

  12  0:01  SCV  
  13  0:13  SCV  
  14  0:18  Supply Depot  
  14  0:25  SCV  
  15  0:38  Refinery  
  15  0:40  SCV  
  16  0:45  Barracks  
  16  0:52  SCV  
  17  1:04  SCV  
  17  1:05  Refinery  
  18  1:16  SCV  
  19  1:28  SCV  
  19  1:32  Barracks Tech Lab  
  20  1:35  Barracks  
  20  1:40  Orbital Command  
  20  1:47  Supply Depot  
  20  1:50  Marine  
  21  1:55  Stimpack  
  21  2:06  SCV  
  22  2:11  Marine  
  23  2:18  SCV  
  23  2:19  Engineering Bay  
  24  2:22  Barracks Reactor  
  24  2:30  SCV  
  24  2:33  Marine  
  26  2:38  Factory  
  26  2:42  SCV  
  27  2:46  Terran Infantry Weapons Level 1  
  27  2:52  Supply Depot  
  27  2:54  SCV  
  27  2:57  Marine  
  29  3:01  Marine  
  29  3:02  Marine  
  31  3:14  Supply Depot  
  31  3:18  Marauder  
  33  3:21  Factory Reactor  
  33  3:28  Starport  
  33  3:38  Supply Depot  
  33  3:40  Combat Shield  
  33  3:46  Marine  
  33  3:47  Marine  
  35  3:49  Marine  
  36  4:07  Factory Reactor  
  36  4:09  SCV, Barracks  
  37  4:10  Marine x3  
  40  4:17  Medivac  
  40  4:21  Medivac  
  44  4:31  Marine x2  
  46  4:32  Marauder  
  48  4:43  Supply Depot  
  48  4:47  Medivac  
  48  4:50  Marine x2  
  52  4:54  Marauder  
  52  4:59  Concussive Shells  
  54  5:03  Supply Depot  
  54  5:04  Marine x2  
  56  5:19  Terran Infantry Armor Level 1  
  33  5:36  SCV  
  34  5:43  Marauder, Marine x2  
  34  5:44  Marine x2  
  34  5:48  SCV  
  41  5:52  Missile Turret  
  41  6:00  SCV, Medivac  
  41  6:03  Marine x2  
  46  6:06  Marauder  
  48  6:12  SCV  
  49  6:21  Marine x2  
  49  6:22  Marine x2  
  49  6:24  SCV  
  54  6:31  Missile Turret  
  54  6:38  Medivac  
  56  6:40  Marauder, Marine x2  
  60  6:49  Marine x2  
  62  7:09  Command Center  
  33  8:00  Engineering Bay  
  33  8:04  Armory  
  33  8:18  SCV  
  34  8:26  Barracks  
  34  8:27  Barracks  
  34  8:28  Orbital Command  
  34  8:30  SCV  
  35  8:37  Marauder, Marine x2  
  35  8:38  Marine x2  
  41  8:42  SCV  
  42  9:02  Marauder, Marine x3  
  46  9:03  Marine  
  46  9:07  SCV x2  
  46  9:09  Refinery  
  50  9:12  Refinery  
  50  9:13  Terran Infantry Weapons Level 2  
  50  9:18  Barracks Tech Lab  
  50  9:19  Barracks Reactor, SCV x2  
  52  9:26  Ghost Academy  
  52  9:31  Ghost Academy  
  52  9:35  SCV  
  52  9:36  SCV  
  54  9:48  SCV x2  
  56  10:00  SCV  
  56  10:01  SCV, Barracks, Personal Cloaking  
  58  10:08  Nuke  
  58  10:18  Medivac  
  58  10:19  Medivac  
  62  10:23  Ghost  
  62  10:24  Ghost  
  66  10:30  SCV x2  
  68  10:50  Medivac  
  68  10:52  Barracks Reactor  
  68  10:53  Marine x3  
  68  10:54  Command Center  
  68  10:56  SCV  
  74  10:58  SCV  
  75  11:13  Enhanced Shockwaves  
  75  11:18  Supply Depot  
  75  11:22  Terran Infantry Armor Level 2  
  75  11:25  SCV, Sensor Tower  
  76  11:27  SCV, Nuke  
  77  11:49  SCV x2  
  77  11:51  Ghost x2  
  77  11:52  Marine x2  
  85  12:01  SCV x2  
  87  12:07  Orbital Command  
  87  12:13  SCV  
  88  12:17  SCV, Refinery  
  88  12:20  Refinery  
  89  12:25  SCV  
  89  12:26  Ghost Academy  
  89  12:28  Terran Infantry Weapons Level 3  
  89  12:29  SCV  
  91  12:34  SCV  
  92  12:37  SCV  
  92  12:41  SCV  
  94  12:46  Ghost x2  
  94  12:47  SCV, Marine x4  
  94  12:49  SCV  
  104  12:53  SCV  
  104  12:56  Supply Depot  
  104  12:57  Nuke  
  105  13:04  Starport  
  105  13:05  Terran Ship Weapons Level 1, Starport  
  105  13:10  SCV  
  105  13:11  SCV  
  107  13:16  Supply Depot  
  107  13:25  Ghost x2  
  107  13:26  Marine  
  107  13:27  Marine x3  
  112  13:28  Viking  
  112  13:29  Viking  
  119  13:44  Nuke x3  
  115  14:10  Starport Reactor x2  
  115  14:19  Ghost x2  
  115  14:20  Marine x2  
  115  14:21  Marine x3  
  124  14:27  Ghost Academy  
  124  14:29  Ghost Academy  
  124  14:32  Viking x2, Ghost Academy  
  128  14:57  Command Center, Nuke  
  128  14:58  Nuke  
  128  14:59  Refinery  
  128  15:00  Nuke  
  128  15:02  Medivac  
  128  15:06  Armory, Terran Ship Weapons Level 2  
  130  15:09  Terran Infantry Armor Level 3  
  77  15:18  Ghost  
  77  15:19  Ghost, Marine x2  
  77  15:20  Marine x4  
  77  15:21  Marine  
  86  15:23  Refinery  
  86  15:28  Bunker  
  86  15:36  Factory Tech Lab  
  86  15:39  Marine x2  
  86  15:40  Marine x4  
  86  15:41  Marine x2  
  94  15:43  Liberator x2  
  100  15:59  Barracks  
  100  16:00  Barracks  
  100  16:02  Barracks  
  100  16:04  Factory Tech Lab  
  100  16:14  Terran Vehicle And Ship Armor Level 1  
  100  16:15  Orbital Command  
  100  16:23  SCV x2  
  100  16:24  SCV  
  103  16:29  Marauder x2, Marine  
  103  16:30  Marine x5  
  113  16:35  SCV  
  113  16:36  SCV x2  
  116  16:40  Neosteel Armor  
  116  16:46  SCV  
  117  16:47  SCV  
  117  16:48  SCV x2  
  117  16:49  Siege Tank  
  117  16:50  Marauder  
  125  16:57  Barracks Reactor  
  125  16:58  SCV, Barracks Tech Lab  
  125  17:01  Viking x2, Barracks Tech Lab, Liberator  
  128  17:02  Liberator  
  136  17:10  SCV  
  136  17:12  Sensor Tower  
  137  17:17  Missile Turret  
  137  17:18  Ghost  
  137  17:19  Missile Turret x2  
  137  17:21  Marine x5  
  137  17:22  Marine x5  
  148  17:28  Terran Ship Weapons Level 3  
  149  17:41  Medivac x2  
  153  17:46  Hi-Sec Auto Tracking  
  153  18:02  Supply Depot  
  153  18:03  Supply Depot  
  153  18:12  Ghost x4  
  161  18:35  Liberator x2  
  161  18:41  Fusion Core  
  167  18:50  Missile Turret  
  167  18:51  Missile Turret x2  
  167  18:55  Missile Turret  
  161  18:56  Missile Turret  
  141  19:11  Marauder x3  
  141  19:12  Marauder, Marine x4  
  141  19:13  Marine x3  
  141  19:14  Medivac x2  
  158  19:21  Liberator x2  
  164  19:27  Advanced Ballistics  
  164  19:38  Missile Turret  
  164  19:39  Missile Turret  
  164  19:40  Missile Turret x2  
  164  19:46  Barracks x2  
  164  19:49  Barracks  
  164  20:09  Terran Vehicle And Ship Armor Level 2  
  164  20:20  Command Center  
  164  20:21  Command Center  
  164  20:24  Command Center  
  164  20:25  Command Center  
  164  20:48  Nuke  
  164  20:58  Nuke x2  
  157  21:16  Barracks Reactor x2, Marauder x3  
  157  21:17  Barracks Reactor  
  158  21:20  Ghost  
  158  21:21  Marine x3  
  158  21:22  Marine  
  161  21:33  Viking  
  161  21:34  Viking x3  
  161  21:35  Orbital Command x2  
  161  21:36  Ghost  
  161  21:38  Orbital Command x2  
  171  21:49  Marine x5  
  176  21:58  Starport x2  
  176  21:59  Starport  
  176  22:08  Marine x3  
  176  22:09  Marine x4  
Show
View Real Time Build Order
Export as new Build Order

Saakyan Terran 

Build Orders:  

Get SALT Encoding   

  12  0:02  SCV  
  13  0:26  Supply Depot  
  13  0:29  SCV  
  14  0:48  Supply Depot  
  14  0:50  Barracks  
  14  0:54  SCV  
  15  1:01  Refinery  
  15  1:06  SCV  
  16  1:18  Barracks  
  16  1:31  Supply Depot  
  16  1:46  Bunker  
  17  1:51  SCV  
  17  1:54  Refinery  
  18  2:01  Reaper  
  18  2:03  SCV  
  19  2:17  SCV  
  19  2:20  Reaper  
  21  2:25  Barracks  
  21  2:29  SCV  
  22  2:40  Barracks  
  22  2:42  Reaper  
  23  2:51  SCV  
  23  2:52  Reaper  
  25  3:01  Supply Depot  
  25  3:12  Reaper  
  26  3:15  Reaper  
  27  3:24  Reaper  
  28  3:30  Reaper  
  29  3:44  Reaper  
  29  3:47  Reaper  
  30  4:07  Reaper x2  
  32  4:12  Orbital Command  
  32  4:15  Supply Depot  
  32  4:16  Supply Depot, Reaper  
  33  4:38  Engineering Bay  
  32  5:12  Reaper x4  
  34  5:44  Reaper x3  
  37  5:55  Factory  
  29  6:24  Marine  
  29  6:25  Marine x3  
  33  6:28  Neosteel Armor  
  33  6:42  Marine x3  
  33  6:43  Marine  
  37  6:48  Factory Tech Lab  
  37  6:51  Starport  
  37  7:02  Barracks Reactor, Command Center, Barracks Tech Lab  
  37  7:05  Barracks Tech Lab  
  37  7:21  Siege Tank  
  38  7:47  Starport Reactor  
  38  7:50  Command Center  
  38  7:53  Siege Tank  
  41  8:05  Bunker x2  
  41  8:11  Refinery  
  41  8:17  SCV  
  42  8:22  Refinery  
  42  8:29  SCV  
  43  8:41  SCV, Refinery  
  43  8:44  Refinery  
  44  8:53  SCV  
  45  8:57  Ghost Academy  
  45  9:06  SCV  
  45  9:07  Ghost Academy  
  46  9:10  SCV  
  46  9:13  SCV  
  45  10:24  Bunker  
  45  10:26  Missile Turret x2  
  45  10:28  Planetary Fortress  
  45  10:30  Missile Turret  
  45  10:39  Siege Tank  
  45  10:41  Nuke  
  48  10:44  Nuke  
  48  10:49  Ghost x2  
  52  11:08  Missile Turret  
  52  11:12  Siege Tank  
  52  11:18  Ghost x2  
  55  11:23  Personal Cloaking  
  54  11:44  Siege Tank  
  56  11:55  Missile Turret  
  56  11:59  Missile Turret  
  56  12:00  Missile Turret  
  56  12:07  Ghost x2  
  58  12:24  SCV  
  58  12:28  SCV  
  60  12:36  SCV, Ghost  
  63  12:39  Enhanced Shockwaves  
  63  12:40  SCV  
  63  12:43  Ghost  
  66  12:48  SCV  
  67  12:57  Barracks Tech Lab  
  68  13:00  SCV, Orbital Command  
  68  13:03  Siege Tank  
  68  13:04  Ghost  
  73  13:13  SCV  
  74  13:36  Siege Tank  
  47  15:24  Nuke x2  
  42  15:44  Siege Tank  
  45  15:50  Fusion Core  
  45  15:58  Starport  
  45  16:00  Starport  
  45  16:02  Starport  
  45  16:13  Starport  
  45  16:15  Starport  
  45  16:16  Siege Tank  
  45  16:17  SCV  
  49  16:27  Medivac x2  
  49  16:29  SCV  
  48  16:41  SCV  
  48  16:45  Starport Tech Lab x2  
  49  16:47  Starport Tech Lab  
  49  16:48  Siege Tank  
  49  16:53  SCV  
  53  16:57  Viking x2  
  53  17:00  Combat Shield  
  53  17:01  Concussive Shells, Stimpack  
  57  17:05  SCV, Marauder x3, Marine  
  57  17:06  Marine  
  66  17:23  Marine x2  
  66  17:26  Marine  
  69  17:32  SCV  
  70  17:44  SCV  
  71  17:55  Marauder x3  
  71  17:56  SCV  
  71  17:58  Starport Tech Lab x2  
  78  18:03  Supply Depot  
  78  18:05  Supply Depot  
  78  18:09  SCV, Battlecruiser  
  85  18:16  Marauder  
  85  18:17  Marauder x2  
  91  18:21  SCV  
  85  18:38  Marauder  
  65  19:07  SCV  
  66  19:12  Supply Depot x2  
  66  19:20  SCV  
  67  19:32  SCV  
  67  19:35  Supply Depot  
  67  19:36  Battlecruiser x2  
  67  19:38  Supply Depot, Ghost  
  80  19:39  Ghost x2  
  80  19:44  SCV  
  87  19:56  SCV  
  88  20:01  Armory  
  88  20:21  Marine x5  
  93  20:39  Marine x5  
  62  20:56  Marine x2  
  62  20:57  Marine x3  
  67  21:24  Battlecruiser  
  73  21:27  Marine  
  73  21:28  Marine  
  73  21:29  Marauder x3  
  81  21:38  Orbital Command  
  81  21:45  Marine x2  
  83  21:50  Marauder  
  85  21:59  Orbital Command  
Show
View Real Time Build Order
Export as new Build Order

Dvoechka Protoss 

Build Orders: Nexus First 

Get SALT Encoding   

  12  0:46  Nexus  
  12  0:51  Pylon  
  12  0:58  Pylon  
  12  1:20  Gateway  
  12  1:21  Assimilator  
  12  1:25  Probe (Chrono Boost)  
  13  1:36  Probe (Chrono Boost)  
  14  1:42  Pylon  
  14  1:59  Forge  
  14  2:06  Assimilator  
  14  2:12  Probe (Chrono Boost)  
  16  2:23  Probe (Chrono Boost)  
  16  2:27  Probe (Chrono Boost)  
  17  2:37  Photon Cannon  
  17  2:50  Photon Cannon  
  17  2:57  Probe (Chrono Boost)  
  18  3:07  Probe (Chrono Boost)  
  18  3:12  Cybernetics Core, Probe (Chrono Boost)  
  19  3:17  Pylon  
  20  3:24  Probe (Chrono Boost)  
  22  3:29  Probe (Chrono Boost)  
  23  3:34  Probe (Chrono Boost)  
  23  3:39  Probe (Chrono Boost)  
  25  3:44  Probe (Chrono Boost)  
  25  3:47  Probe (Chrono Boost), Assimilator  
  26  3:52  Probe (Chrono Boost)  
  27  3:56  Pylon  
  27  4:01  Assimilator  
  27  4:02  Probe  
  28  4:07  Stargate  
  28  4:13  Probe (Chrono Boost)  
  29  4:23  Probe (Chrono Boost)  
  30  4:28  Probe (Chrono Boost)  
  31  4:39  Probe  
  32  4:46  Nexus  
  32  4:50  Assimilator  
  32  4:51  Probe  
  33  4:54  Assimilator  
  33  5:05  Fleet Beacon  
  33  5:11  Pylon  
  33  5:12  Pylon  
  33  5:27  Stargate  
  33  5:35  Stargate  
  33  5:45  Probe (Chrono Boost)  
  34  5:50  Tempest  
  34  5:55  Probe (Chrono Boost)  
  40  6:00  Probe (Chrono Boost)  
  41  6:13  Probe (Chrono Boost), Protoss Air Weapons Level 1 (Chrono Boost)  
  41  6:16  Twilight Council  
  42  6:20  Probe (Chrono Boost)  
  44  6:30  Probe (Chrono Boost)  
  44  6:31  Probe (Chrono Boost)  
  45  6:32  Tempest  
  45  6:33  Tempest  
  45  6:35  Probe (Chrono Boost)  
  56  6:47  Probe  
  56  6:49  Stargate  
  57  6:59  Probe  
  58  7:06  Pylon  
  58  7:09  Pylon  
  58  7:17  Pylon x2  
  58  7:19  Tempest x2  
  68  7:27  Pylon  
  68  7:39  Stargate  
  68  7:44  Pylon  
  68  7:50  Tempest  
  73  7:57  Probe (Chrono Boost)  
  74  8:05  Protoss Air Armor Level 1  
  74  8:08  Probe (Chrono Boost)  
  74  8:12  Probe (Chrono Boost), Protoss Shields Level 1 (Chrono Boost)  
  76  8:24  Probe  
  77  8:36  Probe  
  77  8:39  Pylon  
  78  8:41  Pylon  
  78  8:46  Pylon  
  78  8:48  Probe  
  79  8:51  Pylon  
  79  8:53  Pylon  
  79  8:56  Pylon  
  79  9:07  Stargate  
  79  9:12  Tempest  
  79  9:13  Tempest x3  
  99  9:17  Probe (Chrono Boost)  
  100  9:28  Probe x2 (Chrono Boost)  
  102  9:36  Probe x2 (Chrono Boost)  
  104  9:41  Probe (Chrono Boost)  
  104  9:43  Probe, Tempest  
  111  9:52  Probe  
  112  9:55  Probe, Tempest x2  
  112  9:56  Tempest  
  112  9:59  Pylon  
  128  10:06  Probe (Chrono Boost)  
  129  10:12  Probe (Chrono Boost)  
  129  10:13  Protoss Air Weapons Level 2 (Chrono Boost)  
  131  10:22  Probe (Chrono Boost)  
  131  10:27  Probe (Chrono Boost)  
  131  10:29  Tempest x3  
  147  10:39  Probe  
  148  10:45  Protoss Shields Level 2 (Chrono Boost)  
  148  10:51  Probe  
  148  10:53  Nexus  
  149  10:58  Assimilator  
  149  11:03  Assimilator  
  149  12:08  Probe (Chrono Boost)  
  150  12:18  Probe (Chrono Boost)  
  151  12:23  Probe (Chrono Boost)  
  152  12:30  Protoss Air Armor Level 2  
  152  12:35  Probe  
  153  12:47  Probe  
  154  12:59  Probe  
  155  13:08  Tempest x2  
  155  13:09  Tempest x4  
  155  13:11  Probe  
  179  13:23  Probe (Chrono Boost)  
  181  13:35  Probe (Chrono Boost)  
  181  13:40  Probe (Chrono Boost)  
  181  13:42  Protoss Shields Level 3 (Chrono Boost)  
  182  13:49  Probe  
  182  13:51  Tempest x3  
  198  14:02  Probe  
  179  15:04  Protoss Air Weapons Level 3 (Chrono Boost)  
  124  15:32  Tempest x3  
  124  15:34  Tempest x3  
  139  15:51  Probe (Chrono Boost)  
  140  16:01  Probe (Chrono Boost)  
  141  16:06  Probe (Chrono Boost)  
  142  16:15  Tempest x3  
  142  16:17  Probe, Tempest x2  
  168  16:29  Probe  
  169  16:43  Nexus  
  169  16:52  Assimilator  
  169  16:56  Assimilator  
  169  17:03  Tempest x6  
  199  17:46  Protoss Air Armor Level 3  
  177  18:51  Probe (Chrono Boost)  
  171  19:02  Probe (Chrono Boost)  
  173  19:10  Probe (Chrono Boost)  
  173  19:16  Probe (Chrono Boost)  
  174  19:23  Probe  
  175  19:35  Probe (Chrono Boost)  
  176  19:47  Probe (Chrono Boost)  
  177  19:54  Probe (Chrono Boost)  
  177  19:57  Tempest x3  
  198  20:02  Probe (Chrono Boost)  
  194  20:13  Probe (Chrono Boost)  
  195  20:19  Probe (Chrono Boost)  
  196  20:28  Probe  
  182  20:40  Probe  
  138  20:57  Tempest x2 (Chrono Boost)  
  138  20:59  Carrier x4 (Chrono Boost)  
  142  21:27  Probe (Chrono Boost)  
  143  21:33  Carrier (Chrono Boost)  
  143  21:37  Probe (Chrono Boost)  
  143  21:39  Probe (Chrono Boost)  
  157  21:47  Probe x2 (Chrono Boost)  
  159  21:51  Assimilator  
  159  21:52  Probe (Chrono Boost)  
  159  21:53  Probe  
  185  22:03  Probe  
  185  22:05  Probe  
  187  22:15  Probe  
Show
View Real Time Build Order
Export as new Build Order

ivan Terran 

Build Orders:  

Get SALT Encoding   

  12  0:02  SCV  
  13  0:14  SCV  
  14  0:27  SCV  
  15  0:28  Supply Depot  
  15  0:40  Refinery  
  15  0:50  SCV  
  15  0:53  Barracks  
  16  1:02  SCV  
  17  1:14  SCV, Refinery  
  18  1:26  SCV  
  19  1:38  SCV  
  20  1:51  SCV  
  21  1:55  Factory  
  21  1:56  Barracks  
  21  1:58  Barracks Tech Lab  
  21  2:03  SCV  
  22  2:13  Supply Depot  
  22  2:15  SCV  
  23  2:27  Stimpack  
  23  2:35  Marauder  
  25  2:37  Supply Depot  
  25  2:43  Starport  
  25  2:45  Factory Reactor  
  25  2:51  Barracks Reactor  
  25  2:57  Marauder  
  27  3:21  Supply Depot  
  27  3:28  Marauder  
  27  3:31  Marine x2  
  31  3:36  Medivac  
  31  3:40  Medivac  
  35  3:48  Marine x2  
  35  3:50  Marauder  
  39  4:06  Marine x2  
  41  4:12  Marauder  
  43  4:24  Marine x2  
  45  4:38  Command Center  
  45  4:59  Engineering Bay  
  29  6:32  Starport  
  29  6:33  Starport  
  29  6:34  Starport  
  29  6:38  Starport  
  29  6:41  Fusion Core  
  29  6:45  SCV  
  30  6:47  Refinery x2  
  30  6:50  Liberator x2  
  36  6:57  SCV  
  36  6:59  Factory Tech Lab  
  37  7:02  Supply Depot  
  37  7:09  SCV  
  38  7:21  SCV  
  39  7:33  SCV  
  40  7:49  SCV  
  41  8:01  SCV  
  41  8:04  Starport Tech Lab  
  41  8:05  Starport Tech Lab x3  
  42  8:07  Weapon Refit  
  42  8:13  SCV  
  42  8:15  Command Center  
  42  8:17  Orbital Command  
  43  8:23  Raven  
  43  8:24  Viking  
  43  8:25  SCV  
  48  8:37  Missile Turret  
  48  8:38  SCV, Missile Turret x2  
  49  8:43  Missile Turret  
  49  8:46  Missile Turret  
  49  8:47  Missile Turret  
  49  8:51  Missile Turret  
  49  8:54  SCV  
  50  8:56  Missile Turret  
  50  9:06  SCV  
  51  9:37  SCV  
  52  9:49  SCV  
  53  10:01  SCV  
  54  10:11  Battlecruiser x3  
  72  10:27  Orbital Command  
  72  10:35  Battlecruiser  
  78  10:38  Supply Depot  
  78  10:47  SCV  
  78  10:48  Refinery  
  79  10:59  SCV  
  79  11:00  Supply Depot  
  80  11:09  Armory  
  80  11:11  Armory  
  80  11:12  SCV  
  80  11:14  Refinery  
  81  11:24  SCV  
  82  11:36  SCV  
  63  12:04  Viking x2  
  63  12:05  Viking x4  
  75  12:24  SCV  
  76  12:34  Viking x2  
  76  12:35  Viking  
  82  12:40  Command Center  
  82  12:51  Terran Ship Weapons Level 1  
  82  12:52  Terran Vehicle And Ship Armor Level 1  
  82  12:53  Viking x2  
  86  13:51  Viking  
  88  14:06  Refinery  
  88  14:32  Refinery  
  66  15:07  Viking x6  
  76  15:35  SCV  
  77  15:37  Viking x6  
  77  15:38  SCV  
  90  15:47  SCV  
  91  15:50  SCV  
  92  15:59  SCV  
  93  16:43  SCV x2  
  93  16:59  Viking x6, SCV x2  
  107  17:11  SCV  
  108  17:24  Terran Ship Weapons Level 2  
  108  17:25  Terran Vehicle And Ship Armor Level 2  
  108  17:29  Viking x4  
  116  17:56  Viking  
  116  17:57  Viking  
  114  17:59  Viking x2  
  114  18:02  Viking  
  116  18:07  Viking  
  101  18:47  Viking x2  
  101  18:48  Viking  
  81  19:22  Viking  
  81  19:23  Viking  
  85  19:36  Refinery  
Show
View Real Time Build Order
Export as new Build Order

somik Terran 

Build Orders:  

Get SALT Encoding   

  12  0:03  SCV  
  13  0:16  SCV  
  14  0:24  Supply Depot  
  14  0:28  SCV  
  15  0:46  SCV  
  16  0:51  Barracks  
  16  0:58  SCV  
  17  1:09  Refinery  
  17  1:10  SCV  
  18  1:18  Refinery  
  18  1:22  SCV  
  19  1:34  SCV  
  19  1:39  Marine  
  21  1:46  SCV  
  22  1:53  Supply Depot  
  22  1:57  Marine  
  23  2:14  SCV, Factory  
  23  2:15  Marine  
  25  2:20  Supply Depot  
  25  2:26  SCV  
  26  2:33  Marine  
  27  2:48  Engineering Bay  
  27  2:50  Marine  
  28  2:52  Supply Depot  
  28  3:07  Starport, Factory Tech Lab  
  28  3:08  Marine  
  29  3:26  Marine  
  30  3:37  Siege Tank  
  33  3:44  Marine  
  32  4:02  Marine  
  32  4:10  Starport Tech Lab  
  32  4:18  Fusion Core  
  32  4:19  Marine  
  33  4:33  Viking  
  33  4:37  Marine  
  36  4:55  Marine  
  36  4:59  Siege Tank  
  40  5:18  Viking  
  41  5:51  Starport  
  41  6:21  Siege Tank  
  41  6:25  Viking  
  46  7:09  Supply Depot  
  46  7:12  Starport Tech Lab  
  46  7:22  Armory  
  46  7:25  Viking  
  42  7:31  Supply Depot  
  19  7:55  Viking  
  21  8:01  Planetary Fortress  
  21  8:06  Viking  
  23  8:25  Viking, Missile Turret  
  25  8:36  Viking  
  25  8:39  Missile Turret  
  27  8:47  SCV  
  28  8:49  Missile Turret  
  28  8:59  SCV  
  29  9:06  Viking  
  31  9:11  SCV  
  32  9:24  SCV  
  33  9:35  Viking  
  33  9:36  SCV  
  36  9:38  Viking  
  38  10:19  Battlecruiser  
  44  10:30  SCV  
  45  10:42  SCV  
  46  10:54  SCV  
  47  11:07  SCV  
  48  11:19  SCV  
  48  11:20  Weapon Refit  
  43  12:35  Battlecruiser  
  49  13:00  Viking  
  51  13:30  Viking  
  38  13:39  Viking  
  40  13:54  Missile Turret  
  40  14:00  Viking  
  42  14:19  Missile Turret  
  42  14:20  Viking  
  44  14:30  Viking  
  21  14:50  Viking  
  19  15:00  Viking  
  21  15:20  Viking  
  23  15:40  Viking  
  19  17:21  Viking  
  21  17:57  Viking  
  21  17:58  Viking  
  25  18:54  Viking x2  
  28  19:24  Viking  
  30  20:03  Supply Depot  
  30  20:25  Viking x2  
  34  21:22  Missile Turret  
Show
View Real Time Build Order
Export as new Build Order

Nigrnog Zerg 

Build Orders: Hatch First, Muta Ling Bane 

Get SALT Encoding   

  12  0:02  Drone  
  13  0:09  Drone  
  14  0:17  Overlord  
  14  0:26  Overlord  
  14  0:36  Drone x2, Extractor  
  15  0:45  Drone  
  16  1:14  Drone x2  
  18  1:19  Hatchery  
  18  1:21  Drone  
  18  1:28  Drone  
  19  1:42  Drone  
  19  1:43  Spawning Pool  
  19  1:50  Drone  
  20  2:01  Drone  
  21  2:20  Hatchery  
  21  2:21  Drone  
  21  2:22  Drone  
  22  2:36  Queen  
  24  2:44  Metabolic Boost  
  24  2:58  Extractor  
  23  3:01  Queen  
  25  3:27  Zergling x12  
  27  3:32  Baneling Nest  
  30  3:35  Queen, Extractor  
  31  3:43  Drone  
  32  3:49  Drone  
  32  3:50  Drone  
  34  4:08  Queen  
  36  4:12  Drone x2  
  38  4:26  Drone x4  
  38  4:27  Overlord  
  42  4:37  Roach Warren  
  41  4:39  Lair  
  40  4:54  Spore Crawler x2  
  40  4:55  Spore Crawler  
  37  5:05  Drone x6  
  43  5:09  Spore Crawler  
  43  5:12  Spore Crawler  
  43  5:13  Spore Crawler  
  40  5:16  Drone x6  
  46  5:22  Drone x3  
  49  5:35  Drone  
  50  5:37  Overlord x3  
  50  5:44  Centrifical Hooks  
  50  5:46  Glial Reconstitution  
  50  5:54  Spire  
  50  5:56  Zergling x2  
  50  5:57  Zergling x2  
  50  5:59  Zergling x2  
  50  6:00  Zergling x2  
  50  6:02  Zergling x2  
  54  6:04  Drone  
  54  6:06  Drone  
  56  6:12  Drone x3  
  56  6:13  Drone  
  56  6:15  Extractor  
  56  6:17  Drone x2  
  56  6:18  Extractor  
  60  6:19  Baneling x2  
  60  6:20  Baneling  
  60  6:22  Baneling  
  60  6:23  Baneling x2  
  60  6:48  Drone x5  
  60  6:49  Drone x6  
  71  6:57  Extractor  
  71  7:00  Hatchery  
  69  7:05  Spire  
  69  7:07  Zerg Flyer Weapons Level 1, Spore Crawler  
  67  7:17  Infestation Pit  
  66  7:23  Drone  
  66  7:24  Drone x7  
  63  7:54  Zergling x2, Mutalisk x3  
  63  7:55  Mutalisk x2  
  63  7:57  Overlord x5  
  63  7:58  Overlord x2  
  74  8:14  Spore Crawler  
  74  8:16  Corruptor x4  
  74  8:17  Corruptor  
  74  8:19  Overseer  
  83  8:29  Spore Crawler  
  83  8:33  Corruptor  
  82  9:22  Queen  
  82  9:23  Drone x3  
  87  9:29  Mutalisk x3  
  87  9:30  Mutalisk x5  
  103  9:32  Zergling x10  
  103  9:33  Zergling x2, Overlord x6  
  103  9:36  Queen  
  111  9:46  Mutalisk x2  
  111  9:48  Overlord x2  
  111  9:49  Overlord  
  114  10:06  Mutalisk x3  
  117  10:12  Spore Crawler x2, Queen  
  114  10:16  Overseer  
  113  10:38  Drone x3  
  116  10:51  Drone x4  
  120  11:01  Hatchery  
  119  11:08  Hatchery  
  119  11:09  Hatchery  
  117  11:11  Mutalisk x3  
  117  11:12  Mutalisk x3  
  127  11:35  Drone x6  
  127  11:36  Drone x7  
  127  11:37  Drone  
  127  11:39  Pneumatized Carapace  
  141  11:46  Infestation Pit  
  140  11:56  Mutalisk x5  
  150  12:14  Queen  
  152  12:20  Queen  
  152  12:21  Drone  
  155  12:23  Queen, Drone  
  155  12:27  Mutalisk x2  
  155  12:28  Mutalisk x5  
  171  12:50  Corruptor x2  
  171  12:51  Corruptor  
  161  13:56  Zergling x4  
  161  13:57  Zergling x14  
  161  13:58  Zergling x16  
  161  13:59  Zergling x2  
  179  14:08  Zergling x2  
  179  14:09  Zergling x6  
  183  14:13  Extractor  
  183  14:16  Extractor  
  181  14:20  Extractor  
  181  14:22  Baneling x6  
  181  14:23  Baneling x8  
  181  14:24  Baneling x7  
  180  14:25  Baneling x5  
  180  14:27  Zergling x8, Corruptor x3  
  180  14:28  Corruptor x3  
  196  14:39  Hive  
  196  15:00  Corruptor x2  
  160  15:18  Mutalisk x2  
  160  15:19  Mutalisk x2  
  158  15:22  Zergling x6  
  158  15:23  Zergling x14  
  158  15:24  Zergling x12, Overlord  
  158  15:25  Zergling x2  
  119  15:56  Baneling  
  115  15:57  Baneling x8  
  115  15:58  Baneling x7  
  115  15:59  Baneling x3  
  113  16:11  Zergling x8  
  117  16:12  Zergling x16  
  117  16:13  Zergling x8  
  130  16:29  Baneling x7  
  130  16:30  Baneling x6  
  100  16:53  Corruptor x2  
  97  17:03  Zergling x12  
  97  17:04  Zergling x16  
  97  17:05  Zergling x16  
  97  17:06  Zergling x2  
  122  17:12  Greater Spire  
  100  17:37  Spore Crawler  
  100  17:41  Spore Crawler  
  100  17:42  Spore Crawler  
  100  17:43  Spore Crawler  
  100  17:44  Spore Crawler  
  95  17:45  Spore Crawler  
  95  17:47  Drone x6  
  95  17:48  Drone x8  
  95  17:49  Drone x4  
  95  17:50  Hatchery  
  111  18:07  Drone x6  
  117  18:26  Extractor  
  116  18:27  Extractor  
  116  18:29  Corruptor x3  
  116  18:30  Corruptor x7  
  134  18:47  Drone x4  
  134  19:15  Drone x5  
  123  19:26  Corruptor x2  
  123  19:27  Corruptor x5  
  120  20:25  Hatchery, Corruptor x3  
  120  20:26  Corruptor x2  
  121  20:54  Corruptor  
  121  20:56  Zergling x4  
  126  20:57  Zergling x2  
  86  21:23  Zergling x10  
  72  22:17  Spore Crawler  
Show
View Real Time Build Order
Export as new Build Order

MooEsqoo Protoss 

Build Orders: 1 Gate Expand 

Get SALT Encoding   

  12  0:02  Probe  
  13  0:14  Pylon  
  13  0:18  Probe  
  14  0:34  Gateway  
  14  0:35  Probe  
  15  0:48  Probe  
  16  0:58  Assimilator  
  16  1:00  Probe (Chrono Boost)  
  17  1:12  Probe (Chrono Boost)  
  18  1:21  Probe (Chrono Boost)  
  19  1:30  Nexus  
  19  1:44  Cybernetics Core  
  19  1:49  Probe  
  19  1:51  Pylon  
  20  1:56  Assimilator  
  21  2:01  Probe  
  21  2:13  Probe  
  22  2:21  Stalker, Warp Gate  
  24  2:25  Probe  
  25  2:31  Gateway  
  25  2:37  Probe  
  26  2:44  Probe  
  26  2:49  Probe  
  28  2:55  Stalker  
  28  2:56  Probe  
  31  3:01  Probe  
  32  3:08  Probe  
  33  3:14  Probe  
  33  3:18  Stalker  
  36  3:20  Probe  
  36  3:26  Probe  
  38  3:30  Stalker  
  38  3:33  Probe  
  41  3:38  Probe  
  41  3:41  Twilight Council  
  42  3:42  Gateway  
  42  3:45  Probe, Pylon  
  43  3:50  Probe  
  44  3:57  Probe  
  44  4:01  Shield Battery  
  45  4:05  Pylon  
  45  4:14  Probe x2, Blink (Chrono Boost)  
  47  4:25  Assimilator  
  47  4:26  Probe x2  
  49  4:39  Probe x2  
  49  4:40  Nexus  
  49  4:43  Pylon  
  51  4:51  Probe x2  
  53  5:03  Robotics Facility  
  53  5:10  Shield Battery  
  53  5:15  Probe x2  
  53  5:21  Stalker, Sentry  
  57  5:22  Sentry  
  57  5:27  Probe x2  
  63  5:39  Probe  
  63  5:40  Probe  
  65  5:57  Stalker x3  
  71  6:16  Probe x3  
  74  6:21  Assimilator  
  74  6:28  Probe x3  
  74  6:31  Immortal (Chrono Boost)  
  77  6:35  Assimilator  
  77  6:39  Assimilator  
  81  6:40  Probe x3  
  81  6:41  Pylon  
  84  6:52  Probe  
  85  6:59  Probe x2  
  87  7:04  Pylon  
  87  7:07  Pylon  
  87  7:09  Pylon  
  87  7:10  Pylon  
  87  7:12  Pylon  
  87  7:14  Pylon  
  87  7:15  Pylon  
  87  7:19  Gateway  
  87  7:24  Gateway  
  87  7:26  Gateway  
  87  7:29  Gateway  
  73  7:57  Stalker x3  
  79  8:05  Probe x3  
  69  8:15  Observer (Chrono Boost)  
  69  8:17  Probe x3  
  65  8:29  Stalker  
  65  8:30  Stalker x3  
  73  9:13  Pylon, Nexus  
  73  9:17  Probe x2  
  75  9:29  Probe  
  75  9:30  Probe  
  77  9:35  Stalker x4  
  77  9:36  Stalker  
  87  9:41  Probe  
  87  9:42  Forge  
  87  9:44  Forge  
  88  9:52  Probe  
  89  9:54  Probe  
  90  10:04  Probe  
  90  10:05  Templar Archives  
  91  10:10  Pylon  
  91  10:12  Protoss Ground Armor Level 1 (Chrono Boost), Protoss Ground Weapons Level 1 (Chrono Boost)  
  91  10:23  Photon Cannon  
  91  10:25  Photon Cannon  
  91  10:31  Photon Cannon  
  91  10:42  Photon Cannon  
  91  10:43  Photon Cannon  
  91  10:46  Photon Cannon  
  91  10:48  Photon Cannon  
  91  10:50  Photon Cannon  
  91  10:52  Photon Cannon  
  91  10:57  High Templar  
  91  10:58  High Templar x3  
  91  10:59  High Templar x2  
  103  11:11  Archon x3, Gateway  
  103  11:13  Gateway  
  103  11:15  Gateway  
  103  11:18  Gateway  
  103  11:19  Pylon  
  103  11:34  Stargate x2  
  103  11:35  Probe x3  
  103  11:39  Stargate  
  106  11:40  High Templar x2  
  106  11:41  High Templar x2  
  106  11:42  High Templar x2  
  106  11:44  Archon  
  106  11:45  Archon  
  106  11:46  Archon  
  118  11:47  Probe x3  
  121  11:59  Probe  
  122  12:04  Shield Battery  
  122  12:06  Shield Battery  
  122  12:11  Zealot x2  
  122  12:12  Zealot x3  
  132  12:19  Phoenix x2  
  132  12:22  Phoenix  
  138  12:44  Void Ray x2 (Chrono Boost)  
  146  12:56  Pylon  
  146  12:59  Pylon  
  146  13:00  Pylon  
  146  13:02  Pylon  
  146  13:04  Pylon  
  146  13:06  Pylon  
  146  13:09  Pylon  
  146  13:10  Pylon  
  146  13:11  Void Ray (Chrono Boost), Pylon  
  146  13:14  Immortal  
  154  13:24  Void Ray x2 (Chrono Boost)  
  162  13:47  Void Ray  
  90  14:20  Zealot x5  
  90  14:21  Zealot x6  
  102  14:25  Void Ray x2  
  102  14:30  Void Ray  
  100  15:08  Void Ray x2  
  100  15:12  Void Ray, Protoss Ground Weapons Level 2 (Chrono Boost)  
  100  15:13  Protoss Ground Armor Level 2 (Chrono Boost)  
  112  15:20  Zealot x3  
  112  15:21  Zealot x4  
  120  15:22  Zealot x4  
  134  15:36  Fleet Beacon  
  134  15:47  Charge (Chrono Boost)  
  134  15:51  Void Ray x2  
  134  15:55  Void Ray  
  146  16:01  Nexus  
  146  16:16  Zealot x3  
  146  16:17  Zealot x5  
  146  16:18  Zealot x2  
  166  16:19  Zealot  
  168  16:34  Void Ray x2  
  168  16:38  Void Ray  
  176  16:59  Zealot  
  176  17:00  Zealot x4  
  176  17:01  Zealot x4  
  188  17:02  Zealot x2  
  198  17:27  Assimilator  
  198  17:30  Assimilator  
  198  17:34  Pylon  
  190  18:21  Zealot x4  
  190  18:22  Zealot  
  100  18:53  High Templar x2  
  100  18:54  High Templar x4  
  100  18:55  High Templar x3  
  92  18:56  High Templar  
  92  18:57  Zealot  
  92  18:58  Void Ray (Chrono Boost), Archon x3  
  92  18:59  Void Ray x2 (Chrono Boost), Archon x2  
  98  19:11  Protoss Ground Armor Level 3  
  98  19:12  Protoss Ground Weapons Level 3  
  98  19:24  Protoss Air Weapons Level 1  
  98  19:34  Void Ray x3  
  106  19:53  Zealot x6  
  106  19:54  Zealot x5  
  128  20:17  Void Ray x3  
  138  21:00  Void Ray  
  71  21:44  Void Ray  
  75  21:54  Nexus  
Tags
 
Add a new tag
Caveats
  • Supply blocks, unpowered buildings, or Contaminate may cause inaccurate times.
  • Supply counts are checked every 10 seconds.